[Event "Titled Tuesday Blitz August 16 Late 2022"]
[White "Boruchovsky, Avital"]
[Black "Kolb, Tobias"]
[WhiteFideId "2800055"]
[BlackFideId "12992321"]
[WhiteElo "2466"]
[BlackElo "2224"]
[Result "1-0"]
[Round "01"]
[TimeControl "180+1"]
[Date "2022.08.18"]
[WhiteClock "0:00:00"]
[BlackClock "0:00:00"]

1. d4 Nf6 2. c4 e6 3. Nc3 Bb4 4. Qc2 d5 5. e3 O-O 6. Nf3 Nbd7 7. Bd2 b6 8. Bd3 Bb7 9. cxd5 exd5 10. O-O a6 11. Ne5 Bd6 12. f4 c5 13. Be1 b5 14. Bh4 cxd4 15. exd4 Qb6 16. Nxd7 Nxd7 17. Bxh7+ Kh8 18. Qf5 Qxd4+ 19. Kh1 Nf6 20. Rad1 Qb6 21. Bxf6 gxf6 22. Qxf6+ Kxh7 23. Rd3 Bc8 24. Rg3 1-0


[Site "https://www.chess.com"]

[Event "Titled Tuesday Blitz August 16 Late 2022"]
[White "Capp, Stephen"]
[Black "Maltsevskaya, Aleksandra"]
[WhiteFideId "2027089"]
[BlackFideId "24174041"]
[WhiteElo "1920"]
[BlackElo "2243"]
[Result "0-1"]
[Round "01"]
[TimeControl "180+1"]
[Date "2022.08.18"]
[WhiteClock "0:00:00"]
[BlackClock "0:00:00"]

1. e4 c5 2. Nc3 e6 3. Bc4 Nc6 4. d3 Nge7 5. Bb3 g6 6. f4 Bg7 7. Nf3 d5 8. e5 b5 9. a4 b4 10. Ne2 Ba6 11. O-O c4 12. Ba2 O-O 13. d4 c3 14. bxc3 Nf5 15. Re1 Bxe2 16. Rxe2 bxc3 17. g4 Nh4 18. Nxh4 Qxh4 19. Rg2 f6 20. f5 fxe5 21. fxe6 Nxd4 22. Bxd5 Rad8 23. e7+ Rxd5 24. exf8=Q+ Bxf8 25. Qf1 e4 26. Be3 Nf3+ 27. Kh1 Kg7 28. Rb1 Bd6 29. Qc4 Bxh2 30. Bf2 Bg3+ 0-1


[Site "https://www.chess.com"]

[Event "Titled Tuesday Blitz August 16 Late 2022"]
[White "Chernomordik, Pavel"]
[Black "Rustemov, Alexander"]
[WhiteFideId "2804530"]
[BlackFideId "4119002"]
[WhiteElo "2217"]
[BlackElo "2525"]
[Result "0-1"]
[Round "01"]
[TimeControl "180+1"]
[Date "2022.08.18"]
[WhiteClock "0:00:00"]
[BlackClock "0:00:00"]

1. e4 e6 2. Nc3 d5 3. d4 Bb4 4. Ne2 Nf6 5. e5 Nfd7 6. f4 b6 7. a3 Be7 8. Ng3 c5 9. Nb5 Nc6 10. c3 O-O 11. a4 f6 12. Be2 a6 13. Na3 cxd4 14. cxd4 fxe5 15. fxe5 Bb4+ 16. Bd2 Qh4 17. Bxb4 Nxb4 18. Bf3 a5 19. O-O Ba6 20. Nb5 Bxb5 21. axb5 Rf4 22. Ne2 Rf7 23. Rc1 Nf8 24. g3 Qh6 25. Rc3 g5 26. Bg4 Rxf1+ 27. Qxf1 Ra7 28. Rc8 Rf7 29. Qc1 Qg6 30. Qd1 h5 31. Bh3 Nd3 32. Qc2 Qe4 33. Qd2 g4 34. Qg5+ Rg7 35. Rxf8+ Kxf8 36. Qd8+ Kf7 37. Qd7+ Kg8 38. Qxe6+ Kh7 39. Bf1 Qe3+ 40. Kh1 Qf3+ 41. Bg2 Qxe2 42. Qf5+ Kg8 43. Qe6+ Rf7 0-1


[Site "https://www.chess.com"]

[Event "Titled Tuesday Blitz August 16 Late 2022"]
[White "Chigaev, Maksim"]
[Black "Goncalves, Davi Sulzbacher"]
[WhiteFideId "4108116"]
[BlackFideId "2154510"]
[WhiteElo "2487"]
[BlackElo "2107"]
[Result "1-0"]
[Round "01"]
[TimeControl "180+1"]
[Date "2022.08.16"]
[WhiteClock "0:01:54"]
[BlackClock "0:02:11"]

1. e4 c5 2. Nf3 d6 3. d4 cxd4 4. Nxd4 Nf6 5. Nc3 a6 6. g3 e5 7. Nb3 Be7 8. Bg2 O-O 9. O-O b6 10. a4 Bb7 11. Be3 Nbd7 12. a5 b5 13. Qd3 Nc5 14. Nxc5 dxc5 15. Nd5 Nxd5 16. exd5 Bd6 17. c4 b4 18. f4 exf4 19. Bxf4 Bc8 20. Rae1 Ra7 21. Bxd6 Qxd6 22. Qe3 Bf5 23. Rxf5 1-0


[Site "https://www.chess.com"]

[Event "Titled Tuesday Blitz August 16 Late 2022"]
[White "Coelho, Ramyres Santana"]
[Black "Karaev, Seit-Amet"]
[WhiteFideId "2120690"]
[BlackFideId "4169549"]
[WhiteElo "1981"]
[BlackElo "2280"]
[Result "0-1"]
[Round "01"]
[TimeControl "180+1"]
[Date "2022.08.18"]
[WhiteClock "0:00:00"]
[BlackClock "0:00:00"]

1. e4 Nf6 2. Nc3 d5 3. exd5 Nxd5 4. d4 Nc6 5. Bc4 Nb6 6. Bb5 Bd7 7. Nf3 a6 8. Bd3 Bg4 9. Ne2 Bxf3 10. gxf3 e5 11. dxe5 Nxe5 12. Be4 Qxd1+ 13. Kxd1 O-O-O+ 14. Ke1 g6 15. Be3 f5 16. Bxb6 cxb6 17. f4 Nc4 18. b3 Bg7 19. Rb1 Nd2 20. Bxb7+ Kxb7 21. Rc1 Bb2 0-1


[Site "https://www.chess.com"]

[Event "Titled Tuesday Blitz August 16 Late 2022"]
[White "Cremisi, Daniel"]
[Black "Urazayev, Arystanbek"]
[WhiteFideId "2089882"]
[BlackFideId "13709810"]
[WhiteElo "2172"]
[BlackElo "2441"]
[Result "0-1"]
[Round "01"]
[TimeControl "180+1"]
[Date "2022.08.16"]
[WhiteClock "0:00:03"]
[BlackClock "0:00:28"]

1. d4 Nf6 2. c4 g6 3. Nc3 d5 4. cxd5 Nxd5 5. e4 Nxc3 6. bxc3 Bg7 7. Be3 O-O 8. Rc1 c5 9. Qd2 Nc6 10. d5 Ne5 11. Bxc5 f5 12. exf5 Bxf5 13. Be2 Bd3 14. c4 Rc8 15. Bxd3 Nxd3+ 16. Qxd3 Qa5+ 17. Qd2 Qxc5 18. Nf3 b5 19. O-O bxc4 20. Rfe1 c3 21. Qe2 c2 22. Qe6+ Kh8 23. Re2 Qb4 24. h4 Qb2 25. Ree1 Qxa2 26. Ng5 Bf6 27. d6 Qxe6 28. Nxe6 exd6 29. Nxf8 Rxf8 30. Rxc2 Bxh4 31. Rce2 Kg7 32. g3 Bf6 33. Re6 Bd4 34. R1e2 Bc5 35. Kg2 h5 36. Re7+ Kh6 37. Rd7 Kg5 38. Rg7 Kh6 39. Rd7 a5 40. f4 a4 41. Ree7 Rh8 42. f5 a3 43. Re6 Kg5 44. Rxg6+ Kxf5 45. Rgg7 Bd4 46. Ra7 Bxg7 47. Rxg7 Ra8 48. Re7 a2 0-1


[Site "https://www.chess.com"]

[Event "Titled Tuesday Blitz August 16 Late 2022"]
[White "Danielyan, Vahe"]
[Black "Paravyan, David"]
[WhiteFideId "13304828"]
[BlackFideId "4194985"]
[WhiteElo "2421"]
[BlackElo "2569"]
[Result "0-1"]
[Round "01"]
[TimeControl "180+1"]
[Date "2022.08.16"]
[WhiteClock "0:00:05"]
[BlackClock "0:00:07"]

1. e4 e5 2. Nf3 Nf6 3. Nc3 Nc6 4. Bb5 Nd4 5. O-O c6 6. Bc4 Bd6 7. d3 Nxf3+ 8. Qxf3 O-O 9. Bg5 Be7 10. Bb3 d6 11. h3 a5 12. a4 Be6 13. Bxe6 fxe6 14. Bxf6 Rxf6 15. Qe2 d5 16. Nd1 Bd6 17. Ne3 Qb6 18. c3 Raf8 19. Ng4 R6f7 20. Kh1 h5 21. Ne3 Bc5 22. Kg1 Rxf2 23. Rxf2 Bxe3 24. Rf1 h4 25. d4 exd4 26. Kh1 Rxf2 27. Rxf2 Bxf2 28. Qxf2 Qd8 29. exd5 exd5 30. Qxd4 Qf6 31. Qb6 Qf1+ 32. Kh2 Qf4+ 33. Kh1 Qxa4 34. Qxb7 Qc4 35. Qc8+ Kh7 36. Qf5+ Kh6 37. Qe6+ g6 38. Qe7 Qf1+ 39. Kh2 Qf4+ 40. Kh1 a4 41. Qa7 Qc1+ 42. Kh2 Qxb2 43. Qe3+ Kh5 44. Qf3+ Kg5 45. Qe3+ Kf6 46. Qf4+ Ke6 47. Qg4+ Kd6 48. Qxg6+ Kc5 49. Qf6 Qb8+ 50. Kh1 Kc4 51. Qf1+ Kxc3 52. Qc1+ Kd3 53. Qd1+ Ke4 54. Qe2+ Kd4 55. Qd2+ Kc5 56. Qc3+ Kd6 57. Qf6+ Kc7 58. Qf4+ Kc8 59. Qxa4 Qb1+ 60. Kh2 Qb8+ 61. Kh1 Qb1+ 62. Kh2 Kb7 63. Qxh4 Qf5 64. Qe7+ Kb6 65. h4 d4 66. Qb4+ Kc7 67. Qxd4 c5 68. Qg7+ Kb6 69. Qh6+ Kb5 70. Qe3 c4 71. Kg3 Qc8 72. Qc3 Qg8+ 73. Kh3 Qc8+ 74. g4 Qd7 75. Qe5+ Kb4 76. h5 c3 77. Qb8+ Ka3 78. Qa8+ Kb2 79. Qb8+ Kc1 80. h6 Qh7 81. Qf4+ Kb2 82. Qb4+ Kc2 83. Qa4+ Kd3 84. Qb5+ Kd2 85. Qd5+ Kc1 86. Qc5 Qxh6+ 87. Kg3 Qf6 88. g5 Qg7 89. Qg1+ Kb2 90. Qb6+ Kc2 91. g6 Qe5+ 92. Kg4 Kd2 93. Qd8+ Ke1 94. Qg5 Qe2+ 95. Kf5 Qb5+ 96. Kf6 Qxg5+ 97. Kxg5 c2 98. g7 c1=Q+ 99. Kf6 Qc4 100. Kg6 Qg8 101. Kh6 Kf2 0-1


[Site "https://www.chess.com"]

[Event "Titled Tuesday Blitz August 16 Late 2022"]
[White "Dilanyan, Grigor"]
[Black "Pourkashiyan, Atousa"]
[WhiteFideId "13303570"]
[BlackFideId "12502014"]
[WhiteElo "2264"]
[BlackElo "2247"]
[Result "0-1"]
[Round "01"]
[TimeControl "180+1"]
[Date "2022.08.18"]
[WhiteClock "0:00:00"]
[BlackClock "0:00:00"]

1. e4 e5 2. Nf3 Nf6 3. Nc3 Bb4 4. Nxe5 O-O 5. Nd3 Bxc3 6. dxc3 Nxe4 7. Be2 d5 8. O-O c6 9. Bf3 Bf5 10. g3 Nd7 11. Bf4 Re8 12. Bg2 h6 13. Be3 Ndf6 14. a4 Nd6 15. Bd4 Be4 16. b4 Bxg2 17. Kxg2 Nfe4 18. Qf3 Nd2 19. Qg4 Qg5 20. Qxg5 hxg5 21. Rfe1 N2e4 22. f3 Nf6 23. a5 Nb5 24. Nc5 b6 25. Nd3 g4 26. fxg4 Nxd4 27. cxd4 Nxg4 28. axb6 axb6 29. h3 Nf6 30. Ne5 Rxa1 31. Rxa1 c5 32. c3 Ne4 33. Ra3 cxd4 34. cxd4 Rc8 35. Nd7 Rc2+ 36. Kf3 b5 37. Nc5 f5 38. g4 Rf2+ 39. Ke3 f4+ 40. Kd3 Rf3+ 41. Ke2 Rxa3 42. Ne6 Re3+ 0-1


[Site "https://www.chess.com"]

[Event "Titled Tuesday Blitz August 16 Late 2022"]
[White "Espinosa Veloz, Ermes"]
[Black "Floresvillar Gonzalez, Luis Migu"]
[WhiteFideId "3507424"]
[BlackFideId "5100542"]
[WhiteElo "2333"]
[BlackElo "2040"]
[Result "1-0"]
[Round "01"]
[TimeControl "180+1"]
[Date "2022.08.18"]
[WhiteClock "0:00:00"]
[BlackClock "0:00:00"]

1. d4 d5 2. c4 c6 3. g3 Nf6 4. Bg2 Bg4 5. h3 Bf5 6. Nc3 e6 7. Nf3 Bd6 8. cxd5 exd5 9. Bf4 Bxf4 10. gxf4 Qb6 11. Qd2 Nbd7 12. Ne5 Nxe5 13. fxe5 Ne4 14. Nxe4 Bxe4 15. Bxe4 dxe4 16. e3 O-O-O 17. O-O-O f6 18. exf6 gxf6 19. Rhg1 Rhg8 20. Qc2 f5 21. Qc4 Rg6 22. Rxg6 hxg6 23. Qe6+ Kb8 24. Qxg6 Qa5 25. Kb1 Qd5 26. Rc1 Rg8 27. Qf6 Qd7 28. Rc5 Rg1+ 29. Kc2 Rh1 30. Qxf5 Qxf5 31. Rxf5 Rxh3 32. Kd2 Rh1 33. Rf4 Rb1 34. Kc2 Rf1 35. Kc3 b5 36. Rf7 a5 37. a3 Rc1+ 38. Kd2 Rb1 39. Kc2 Rf1 40. Kb3 Rb1 41. Rf4 a4+ 42. Kc2 Rf1 43. Rf7 Kc8 44. Kc3 Rc1+ 45. Kb4 Rc2 46. Ka5 Rxb2 47. Kb6 b4 48. axb4 a3 49. Kxc6 Rc2+ 50. Kb6 a2 51. Ra7 Rxf2 52. d5 Rb2 53. b5 Rd2 54. Kc6 Rc2+ 55. Kd6 Rb2 56. Ke5 Kb8 57. b6 1-0


[Site "https://www.chess.com"]

[Event "Titled Tuesday Blitz August 16 Late 2022"]
[White "Federzoni, Enzo"]
[Black "Wiewiora, Eneasz"]
[WhiteFideId "2173301"]
[BlackFideId "1140396"]
[WhiteElo "2158"]
[BlackElo "2333"]
[Result "0-1"]
[Round "01"]
[TimeControl "180+1"]
[Date "2022.08.18"]
[WhiteClock "0:00:00"]
[BlackClock "0:00:00"]

1. e4 d6 2. d3 g6 3. Nc3 Bg7 4. g3 c5 5. Bg2 Nc6 6. f4 e5 7. Nf3 Nge7 8. O-O O-O 9. f5 gxf5 10. Bg5 fxe4 11. dxe4 f5 12. exf5 Bxf5 13. Nd5 Qd7 14. Nxe7+ Nxe7 15. Bxe7 Qxe7 16. Nh4 Be6 17. Qh5 d5 18. Rad1 Rad8 19. Rxf8+ Qxf8 20. Qg5 Qf6 21. Qd2 e4 22. Rf1 Qd4+ 23. Qxd4 Bxd4+ 24. Kh1 Bxb2 25. Rb1 Be5 26. Rxb7 Rb8 27. Re7 Rb1+ 28. Bf1 Rxf1+ 29. Kg2 Rf6 0-1


[Site "https://www.chess.com"]

[Event "Titled Tuesday Blitz August 16 Late 2022"]
[White "Fernandez Hernandez, Gerardo"]
[Black "Gubajdullin, Alexei"]
[WhiteFideId "2207400"]
[BlackFideId "4141202"]
[WhiteElo "2169"]
[BlackElo "2214"]
[Result "0-1"]
[Round "01"]
[TimeControl "180+1"]
[Date "2022.08.18"]
[WhiteClock "0:00:00"]
[BlackClock "0:00:00"]

1. e4 c6 2. d4 d5 3. exd5 cxd5 4. c4 Nf6 5. Nc3 e6 6. c5 Be7 7. Nf3 b6 8. b4 a5 9. Na4 Nfd7 10. a3 axb4 11. axb4 b5 12. Bxb5 O-O 13. Bf4 Na6 14. c6 Bxb4+ 15. Kf1 Nb6 16. c7 Nxc7 17. Bc6 Ra6 18. Qb3 Bd6 19. Be3 Nc4 20. g3 Rxc6 21. Kg2 Ba6 22. Nc5 Nxe3+ 23. Qxe3 Bxc5 24. dxc5 Qe7 25. Rhc1 Nb5 26. Ne5 Bb7 27. Nxc6 Bxc6 28. Rcb1 d4+ 0-1


[Site "https://www.chess.com"]

[Event "Titled Tuesday Blitz August 16 Late 2022"]
[White "Fernandez Siles, Luis"]
[Black "Avila Pavas, Santiago"]
[WhiteFideId "2209420"]
[BlackFideId "4437128"]
[WhiteElo "2211"]
[BlackElo "2291"]
[Result "0-1"]
[Round "01"]
[TimeControl "180+1"]
[Date "2022.08.18"]
[WhiteClock "0:00:00"]
[BlackClock "0:00:00"]

1. e4 Nf6 2. Nc3 d5 3. e5 d4 4. exf6 dxc3 5. fxg7 cxd2+ 6. Bxd2 Bxg7 7. Qf3 Nc6 8. O-O-O Qd6 9. Bc3 Qh6+ 10. Kb1 Bd7 11. Rxd7 Bxc3 12. Rxc7 Be5 13. Rxb7 O-O 14. Bd3 Rab8 15. Rb3 Nd4 16. Qg4+ Bg7 17. Rxb8 Rxb8 18. Qe4 f5 19. Qe3 Qc6 20. b3 Qf6 21. c3 Nc6 22. Ne2 Ne5 23. Qf4 Rd8 24. Bc4+ Kh8 25. Rc1 Bh6 26. Qe3 Bxe3 0-1


[Site "https://www.chess.com"]

[Event "Titled Tuesday Blitz August 16 Late 2022"]
[White "Ferreira, Vitor Hugo Vieira"]
[Black "Wieczorek, Oskar"]
[WhiteFideId "2119765"]
[BlackFideId "1133950"]
[WhiteElo "2168"]
[BlackElo "2302"]
[Result "0-1"]
[Round "01"]
[TimeControl "180+1"]
[Date "2022.08.18"]
[WhiteClock "0:00:00"]
[BlackClock "0:00:00"]

1. e4 c5 2. Nf3 e6 3. d4 cxd4 4. Nxd4 Nf6 5. Nc3 d6 6. Be2 Nc6 7. Be3 Be7 8. O-O O-O 9. Qd2 Bd7 10. Rae1 Nxd4 11. Bxd4 Bc6 12. Bd3 e5 13. Be3 d5 14. exd5 Nxd5 15. Nxd5 Qxd5 16. f3 Bc5 17. Bxc5 Qxc5+ 18. Qf2 Qxf2+ 19. Kxf2 f6 20. Bc4+ Kh8 21. Rd1 Rfd8 22. Ke3 g5 23. g3 Kg7 24. b4 a6 25. Bd3 Bb5 26. c4 Ba4 27. Rd2 Rd4 28. Rff2 Rad8 29. Be4 Bc6 30. Bxc6 bxc6 31. Rxd4 Rxd4 32. Rc2 f5 33. a4 f4+ 34. gxf4 gxf4+ 35. Ke2 Kf6 36. b5 axb5 37. axb5 cxb5 38. cxb5 Rb4 39. Rc6+ Kf5 40. Rh6 Rb2+ 41. Kf1 Rxb5 42. Rxh7 Rb2 43. Rh8 Kg6 44. Re8 Kf5 45. Rh8 Ke6 46. Re8+ Kd5 47. Kg1 Kd4 48. h4 Rb5 49. h5 Rb6 50. Rh8 Ke3 51. Kg2 Rb2+ 52. Kh3 Kxf3 53. h6 e4 54. h7 Rb1 55. Kh2 Rb2+ 56. Kh3 Rb7 57. Kh2 e3 58. Kg1 e2 59. Re8 Rg7+ 60. Kh2 Rxh7+ 61. Kg1 Rd7 62. Kh1 Rd1+ 63. Kh2 e1=Q 0-1


[Site "https://www.chess.com"]

[Event "Titled Tuesday Blitz August 16 Late 2022"]
[White "Fiedorek, Michal"]
[Black "Csonka, Balazs"]
[WhiteFideId "1199528"]
[BlackFideId "742910"]
[WhiteElo "2242"]
[BlackElo "2495"]
[Result "0-1"]
[Round "01"]
[TimeControl "180+1"]
[Date "2022.08.18"]
[WhiteClock "0:00:00"]
[BlackClock "0:00:00"]

1. e4 c5 2. Nf3 Nc6 3. d4 cxd4 4. Nxd4 g6 5. c4 Nf6 6. Nc3 d6 7. Nc2 Bg7 8. Be2 O-O 9. O-O Be6 10. Be3 Nd7 11. Qd2 Nc5 12. f3 a5 13. Rab1 a4 14. Rfc1 Qa5 15. Nd4 Bxd4 16. Bxd4 Nxd4 17. Qxd4 Rfc8 18. b4 axb3 19. axb3 Qb4 20. Bd1 b5 21. Nxb5 Qe1# 0-1


[Site "https://www.chess.com"]

[Event "Titled Tuesday Blitz August 16 Late 2022"]
[White "Fiorito, Joaquin"]
[Black "Bashirli, Nail"]
[WhiteFideId "180173"]
[BlackFideId "13406809"]
[WhiteElo "1758"]
[BlackElo "2333"]
[Result "0-1"]
[Round "01"]
[TimeControl "180+1"]
[Date "2022.08.18"]
[WhiteClock "0:00:00"]
[BlackClock "0:00:00"]

1. e4 Nf6 2. e5 Nd5 3. d4 d6 4. c4 Nb6 5. exd6 cxd6 6. Nc3 g6 7. Be3 Bg7 8. h3 O-O 9. Nf3 Nc6 10. Be2 Bf5 11. d5 Na5 12. a4 Naxc4 13. Nd4 Nxe3 14. fxe3 Rc8 15. O-O Qd7 16. Bb5 Qc7 17. Nxf5 gxf5 18. Rxf5 Nc4 19. Bxc4 Qxc4 20. Qh5 e6 21. Rf4 Qd3 22. Raf1 Qxe3+ 23. Kh1 e5 24. Rg4 Kh8 25. Rh4 h6 26. Qf5 e4 27. Rxe4 Qd3 28. Qh5 Rxc3 29. Rg4 Qxf1+ 0-1


[Site "https://www.chess.com"]

[Event "Titled Tuesday Blitz August 16 Late 2022"]
[White "Fus, Jakub"]
[Black "Hajiyev, Kanan"]
[WhiteFideId "1193023"]
[BlackFideId "13404148"]
[WhiteElo "2411"]
[BlackElo "2131"]
[Result "1-0"]
[Round "01"]
[TimeControl "180+1"]
[Date "2022.08.18"]
[WhiteClock "0:00:00"]
[BlackClock "0:00:00"]

1. Nf3 d5 2. e3 c5 3. b3 Nf6 4. Bb2 g6 5. Bxf6 exf6 6. c4 Bg7 7. cxd5 f5 8. Nc3 O-O 9. Bc4 a6 10. a4 Qa5 11. O-O Bxc3 12. dxc3 Qxc3 13. a5 Bd7 14. Qe2 Be8 15. Rfc1 Qf6 16. Rab1 Nd7 17. b4 Rc8 18. b5 Ne5 19. Nxe5 Qxe5 20. bxa6 bxa6 21. Bxa6 Ra8 22. Ra1 Qxd5 23. Bc4 Qe5 24. a6 Bc6 25. Ra5 Ra7 26. Rxc5 Qe4 27. Rxc6 1-0


[Site "https://www.chess.com"]

[Event "Titled Tuesday Blitz August 16 Late 2022"]
[White "Golubev, Mikhail"]
[Black "Sjugirov, Sanan"]
[WhiteFideId "14100983"]
[BlackFideId "4189302"]
[WhiteElo "2374"]
[BlackElo "2609"]
[Result "0-1"]
[Round "01"]
[TimeControl "180+1"]
[Date "2022.08.16"]
[WhiteClock "0:00:06"]
[BlackClock "0:00:25"]

1. e4 c6 2. Nf3 d5 3. Nc3 Bg4 4. h3 Bxf3 5. Qxf3 e6 6. d4 Nf6 7. Bd3 Bb4 8. e5 Nfd7 9. Qg4 g6 10. a3 Be7 11. Bh6 c5 12. f4 Nc6 13. dxc5 Nxc5 14. O-O-O Qa5 15. Kb1 a6 16. h4 b5 17. h5 O-O-O 18. hxg6 hxg6 19. Bg5 Bxg5 20. Rxh8 Rxh8 21. Qxg5 Qd8 22. Qxd8+ Kxd8 23. Be2 Kc7 24. Bf3 Nd7 25. Bxd5 exd5 26. Nxd5+ Kc8 27. g4 Rh4 28. f5 Ncxe5 0-1


[Site "https://www.chess.com"]

[Event "Titled Tuesday Blitz August 16 Late 2022"]
[White "Gorodetzky, David"]
[Black "Melaugh, Shane"]
[WhiteFideId "2813416"]
[BlackFideId "2509580"]
[WhiteElo "2487"]
[BlackElo "1946"]
[Result "1-0"]
[Round "01"]
[TimeControl "180+1"]
[Date "2022.08.16"]
[WhiteClock "0:02:10"]
[BlackClock "0:01:24"]

1. d4 e6 2. e4 d5 3. Nd2 dxe4 4. Nxe4 Nf6 5. Nxf6+ gxf6 6. Nf3 Nc6 7. c4 Qd6 8. a3 b6 9. Be3 Bb7 10. Qa4 O-O-O 11. c5 Qd5 12. Bc4 Qe4 13. O-O-O f5 14. Ng5 Qxg2 15. Rdg1 Qxg1+ 16. Rxg1 Rd7 17. Nxf7 Rxf7 18. Bxe6+ Rd7 19. d5 Ne5 20. c6 Bd6 21. cxb7+ Kd8 22. b8=Q+ 1-0


[Site "https://www.chess.com"]

[Event "Titled Tuesday Blitz August 16 Late 2022"]
[White "Graif, William"]
[Black "Akbas, Umut Ata"]
[WhiteFideId "2609835"]
[BlackFideId "44572646"]
[WhiteElo "1942"]
[BlackElo "1654"]
[Result "0-1"]
[Round "01"]
[TimeControl "180+1"]
[Date "2022.08.16"]
[WhiteClock "0:00:01"]
[BlackClock "0:00:20"]

1. d4 d5 2. e4 dxe4 3. Nc3 Nf6 4. Bg5 c6 5. Qd2 g6 6. O-O-O Bg7 7. f3 exf3 8. Nxf3 h6 9. Bf4 Bg4 10. Be2 Nbd7 11. h3 Bf5 12. g4 Ne4 13. Nxe4 Bxe4 14. Rhe1 g5 15. Bg3 Qb6 16. Ne5 Nxe5 17. Bxe5 Bxe5 18. dxe5 Bd5 19. c4 Be6 20. Qc3 O-O 21. h4 Qf2 22. hxg5 hxg5 23. Qc2 Qf4+ 24. Kb1 Qxe5 25. Rh1 Qg7 26. Rh2 Rfd8 27. Rdh1 Qg6 28. Rh8+ Kg7 29. R8h7+ Kg8 30. Rh8+ Kg7 31. R1h7+ Kf6 32. Rh6 Rxh8 33. Rxg6+ fxg6 34. Qc3+ Kf7 35. a3 Rh2 36. Bd3 Bxg4 37. Qe5 Rf2 38. Ka2 Bf5 39. Qd4 Rd2 40. Qe3 Rxd3 41. Qe5 g4 0-1


[Site "https://www.chess.com"]

[Event "Titled Tuesday Blitz August 16 Late 2022"]
[White "Grot, Blazej"]
[Black "Diaz Perez, Michel Alejandro"]
[WhiteFideId "21835845"]
[BlackFideId "3517179"]
[WhiteElo "1764"]
[BlackElo "2433"]
[Result "0-1"]
[Round "01"]
[TimeControl "180+1"]
[Date "2022.08.18"]
[WhiteClock "0:00:00"]
[BlackClock "0:00:00"]

1. e4 d6 2. Nf3 Nf6 3. d3 e5 4. Nbd2 g6 5. g3 Bg7 6. Bg2 c6 7. O-O O-O 8. c3 Nbd7 9. Qc2 Re8 10. Re1 a5 11. a4 h6 12. h3 Qc7 13. Rf1 Nc5 14. Re1 b6 15. Nf1 Ba6 16. Rd1 d5 17. b4 Nxd3 18. Rxd3 Bxd3 19. Qxd3 dxe4 20. c4 exd3 0-1


[Site "https://www.chess.com"]

[Event "Titled Tuesday Blitz August 16 Late 2022"]
[White "Guz, Ari"]
[Black "Alexikov, Alexander"]
[WhiteFideId "2825759"]
[BlackFideId "14103958"]
[WhiteElo "1913"]
[BlackElo "2253"]
[Result "0-1"]
[Round "01"]
[TimeControl "180+1"]
[Date "2022.08.18"]
[WhiteClock "0:00:00"]
[BlackClock "0:00:00"]

1. e4 c5 2. Nf3 d6 3. c3 Nf6 4. Bd3 Nc6 5. Bc2 Bg4 6. h3 Bh5 7. g4 Bg6 8. Qe2 e5 9. d3 Be7 10. h4 h5 11. g5 Nd7 12. Nbd2 Rc8 13. Nc4 Nf8 14. Ne3 Ne6 15. Nd5 O-O 16. Be3 Re8 17. a4 Bf8 18. Bb3 Ne7 19. Nd2 Nxd5 20. Bxd5 Rb8 21. a5 Nc7 22. Bb3 d5 23. f3 b5 24. axb6 axb6 25. O-O b5 26. exd5 Nxd5 27. Bxd5 Qxd5 28. Ne4 c4 29. Rad1 Qc6 30. dxc4 bxc4 31. Bf2 Rb5 32. Rd2 Reb8 33. Rfd1 Bf5 34. Ng3 Bd3 35. Qe3 Bc5 36. Qe1 Qxf3 37. Bxc5 Rxc5 38. Rg2 e4 39. Kh2 Rcb5 40. Rf2 Qg4 41. Qe3 Qxh4+ 42. Kg2 Qg4 43. Qf4 Qxf4 44. Rxf4 Rxg5 45. Kh3 Rxb2 46. Nxe4 Re5 47. Ng3 g6 48. Ra1 Bf5+ 49. Nxf5 Rxf5 50. Rxc4 Rbf2 51. Re1 Kg7 52. Kg3 R5f3+ 53. Kh4 Rh2+ 54. Kg5 f6# 0-1


[Site "https://www.chess.com"]

[Event "Titled Tuesday Blitz August 16 Late 2022"]
[White "Hansen, Eric"]
[Black "Claverie, Christophe"]
[WhiteFideId "2606771"]
[BlackFideId "605514"]
[WhiteElo "2568"]
[BlackElo "2300"]
[Result "1-0"]
[Round "01"]
[TimeControl "180+1"]
[Date "2022.08.16"]
[WhiteClock "0:00:32"]
[BlackClock "0:00:17"]

1. e4 c5 2. Nf3 d6 3. Bb5+ Bd7 4. Bxd7+ Qxd7 5. O-O Nc6 6. Re1 Nf6 7. c3 e6 8. d4 cxd4 9. cxd4 d5 10. e5 Ne4 11. Nbd2 Nxd2 12. Bxd2 Bb4 13. h4 O-O 14. h5 h6 15. Re3 Rac8 16. Nh2 Qe7 17. Rg3 Bxd2 18. Qxd2 Qh4 19. Ng4 Kh8 20. Rd1 Rc7 21. b4 Rfc8 22. b5 Ne7 23. Nxh6 Rc2 24. Nxf7+ Kg8 25. Qg5 Qxg5 26. Nxg5 Nf5 27. Rgd3 Re8 28. Ra3 1-0


[Site "https://www.chess.com"]

[Event "Titled Tuesday Blitz August 16 Late 2022"]
[White "Harshavardhan G B"]
[Black "Sadovsky, Artem"]
[WhiteFideId "25059009"]
[BlackFideId "4155840"]
[WhiteElo "2429"]
[BlackElo "2276"]
[Result "1-0"]
[Round "01"]
[TimeControl "180+1"]
[Date "2022.08.18"]
[WhiteClock "0:00:00"]
[BlackClock "0:00:00"]

1. d4 g6 2. c4 Bg7 3. Nc3 d6 4. e4 e5 5. d5 f5 6. Nf3 Nf6 7. exf5 gxf5 8. Ng5 O-O 9. Be2 Qe8 10. f4 h6 11. Nf3 Ne4 12. O-O Nxc3 13. bxc3 Na6 14. fxe5 dxe5 15. Nh4 Qe7 16. Ng6 Qc5+ 17. Kh1 Rf6 18. Nxe5 Rf8 19. Bf4 Qc6 20. dxc6 b5 21. cxb5 Nc5 22. Bc4+ Ne6 23. Ng6 Rf7 24. Re1 Kh7 25. Bxe6 Bxe6 26. Rxe6 Re8 27. Rxe8 Rf8 28. Nxf8+ Kg8 29. Qd7 Bxf8 30. Bxh6 f4 31. Rxf8# 1-0


[Site "https://www.chess.com"]

[Event "Titled Tuesday Blitz August 16 Late 2022"]
[White "Herman, Daniel"]
[Black "Domingo Nunez, Ruben"]
[WhiteFideId "30935008"]
[BlackFideId "22245570"]
[WhiteElo "1897"]
[BlackElo "2392"]
[Result "1-0"]
[Round "01"]
[TimeControl "180+1"]
[Date "2022.08.18"]
[WhiteClock "0:00:00"]
[BlackClock "0:00:00"]

1. c4 b6 2. e4 Bb7 3. d3 e6 4. Nc3 d5 5. cxd5 exd5 6. Nxd5 Bxd5 7. exd5 Qxd5 8. Be2 Nf6 9. Bf3 Qe6+ 10. Ne2 c6 11. O-O Be7 12. Nd4 Qd7 13. Qc2 O-O 14. Nxc6 Nxc6 15. Qxc6 Qxd3 16. Be3 Rad8 17. Rfd1 Qf5 18. h3 h6 19. Qb7 Rd7 20. Rxd7 Qxd7 21. Rd1 Qxb7 22. Bxb7 Rd8 23. Rxd8+ Bxd8 24. Kf1 Kf8 25. Ke2 Ke7 26. Kd3 Bc7 27. Kc4 Ne8 28. Bf3 Be5 29. b3 Kd6 30. Bd2 Nc7 31. Bb4+ Ke6 32. a4 f5 33. Bd2 g5 34. g3 Bd6 35. b4 Be5 36. a5 Bd6 37. Be3 b5+ 38. Kb3 a6 39. Bb7 Nd5 40. Bd2 Nc7 41. Kc3 Nd5+ 42. Kb3 Nc7 43. f4 g4 44. hxg4 fxg4 45. Bc8+ Kd5 46. Bxg4 Ke4 47. Be2 Ne6 48. Bc3 Ke3 49. Bg4 Nc7 50. Be5 Bxe5 51. fxe5 Kf2 52. e6 Kxg3 53. Bf5 h5 54. e7 h4 55. Bd7 h3 56. e8=Q Nxe8 57. Bxe8 h2 58. Bc6 Kf4 59. Kc3 Ke3 60. Bb7 Ke2 61. Kd4 Kd2 62. Kc5 Kc3 63. Bd5 Kb2 64. Kb6 Ka3 65. Kxa6 Kxb4 66. Kb6 Kc3 67. a6 Kd4 68. a7 Kxd5 69. a8=Q+ Kc4 70. Qh1 1-0


[Site "https://www.chess.com"]

[Event "Titled Tuesday Blitz August 16 Late 2022"]
[White "Izoria, Zviad"]
[Black "Nozdrachev, Leonid"]
[WhiteFideId "13601733"]
[BlackFideId "24113433"]
[WhiteElo "2626"]
[BlackElo "2100"]
[Result "0-1"]
[Round "01"]
[TimeControl "180+1"]
[Date "2022.08.16"]
[WhiteClock "0:00:01"]
[BlackClock "0:00:22"]

1. Nf3 d5 2. d4 Nf6 3. c4 e6 4. g3 Be7 5. Bg2 O-O 6. Qc2 b6 7. cxd5 exd5 8. O-O Be6 9. Nc3 Nc6 10. a3 Bg4 11. Ne5 Nxd4 12. Qd1 Ne6 13. Nxg4 Nxg4 14. Nxd5 Bd6 15. e3 Ne5 16. Qc2 Rc8 17. Rd1 Qe8 18. f4 Nd7 19. e4 Bc5+ 20. Kh1 c6 21. Nb4 Nd4 22. Qc4 b5 23. Qc3 Ne2 24. Qe1 Nd4 25. e5 Bxb4 26. axb4 Nc2 27. Qc3 Nxa1 28. Be3 Nb6 29. Bc5 Na4 30. Qd3 Nxb2 31. Qd4 Nxd1 0-1


[Site "https://www.chess.com"]